 Dungeon Crawl Stone Soup version 0.29-a0-371-g91724d5b39 (webtiles) character file.

Game seed: 11761111200858408121

37 Bruhh the Caller (level 3, 8/19 HPs)
             Began as a Tengu Summoner on May 3, 2022.
             Quit the game on level 2 of the Dungeon.
             The game lasted 00:05:08 (1586 turns).

Bruhh the Caller (Tengu Summoner)                   Turns: 1586, Time: 00:05:09

Health: 8/19       AC:  2    Str:  8    XL:     3   Next: 41%
Magic:  5/8        EV: 12    Int: 17    God:
Gold:   42         SH:  0    Dex: 14    Spells: 7/8 levels left

rFire   . . .      SeeInvis .   h - +4 dagger (venom)
rCold   . . .      Faith    .   (no shield)
rNeg    . . .      Spirit   .   a - +0 robe
rPois   .          Reflect  .   (helmet restricted)
rElec   .          Harm     .   (no cloak)
rCorr   .          Rampage  .   (no gloves)
Will    .....                   (boots unavailable)
Stlth   ++........              (no amulet)
HPRegen 0.06/turn               (no ring)
MPRegen 0.11/turn               (no ring)

@: no status effects
A: beak, talons 3
a: no special abilities


You were on level 2 of the Dungeon.
You visited 1 branch of the dungeon, and saw 2 of its levels.

You collected 42 gold pieces.

Inventory:

Hand Weapons
 h - a +4 dagger of venom (weapon)
Armour
 a - a +0 robe (worn)
Scrolls
 e - a scroll of immolation {unknown}
 f - 2 scrolls of enchant weapon {unknown}
 g - 2 scrolls of identify {unknown}
 i - a scroll of teleportation {unknown}
 k - a scroll of torment {unknown}
 m - 2 scrolls of holy word {unknown}
Potions
 b - a potion of magic
 c - a potion of lignification {unknown}
 d - 2 potions of curing {unknown}
 j - a potion of mutation {unknown}
 l - a potion of heal wounds {unknown}


   Skills:
 - Level 2.1 Dodging
 - Level 2.0 Stealth
 + Level 3.3 Spellcasting
 - Level 5.0 Summonings


You had 7 spell levels left.
You knew the following spells:

 Your Spells              Type           Power      Damage    Failure   Level
a - Summon Small Mammal   Summ           76%        N/A       2%          1

Your spell library contained the following spells:

 Spells                   Type           Power      Damage    Failure   Level
 Call Imp                 Summ           19%        N/A       3%          2
 Call Canine Familiar     Summ           19%        N/A       6%          3
 Summon Guardian Golem    Hex/Summ       11%        N/A       19%         3
 Summon Lightning Spire   Summ/Air       11%        N/A       52%         4


Dungeon Overview and Level Annotations

Branches:
Dungeon (2/15)

Altars:

Shops:
D:2 !**


Innate Abilities, Weirdness & Mutations

You have a beak for a mouth.
You have claws for feet.


Message History

t - Shout!
Orders for allies: a - Attack new target. r - Retreat! s - Stop attacking. g - Guard the area. f - Follow me.
Anything else - Cancel.
Gang up on whom?
Press: ? - help, Dir - move target, f - gnoll
Aim: a gnoll, wielding a +0 halberd (lightly wounded, ally target) Attack!
Your bat hits the gnoll but does no damage.
Your bat closely misses the gnoll.
The gnoll hits you from afar with a +0 halberd!
Ouch! That really hurt!
Your bat closely misses the gnoll.
Your bat hits the gnoll but does no damage.
The gnoll hits your bat with a +0 halberd!
Your bat dies!
Your bat's corpse disappears in a puff of smoke!
Your bat hits the gnoll but does no damage.
The gnoll hits your bat with a +0 halberd.
Your bat dies!
Your bat's corpse disappears in a puff of smoke!
Found 3 gold pieces.
Casting: Summon Small Mammal (safe; 2% risk of failure)
Confirm with . or Enter, or press ? or * to list all spells.
Casting: Summon Small Mammal (safe; 2% risk of failure)
Confirm with . or Enter, or press ? or * to list all spells.
You don't know that spell.
You swap places.
The gnoll hits your quokka with a +0 whip.
Your quokka dies!
Your quokka's corpse disappears in a puff of smoke!
Casting: Summon Small Mammal (safe; 2% risk of failure)
Confirm with . or Enter, or press ? or * to list all spells.
You swap places.
Your bat hits the gnoll.
Your bat hits the gnoll but does no damage.
The gnoll barely misses your bat.
Your bat hits the gnoll.
Your bat barely misses the gnoll.
Are you sure you want to abandon this character and quit the game? (Confirm with "yes".)

# ##### #...# .ยง#.#
###.# ############ #
#g# #.....[...<# ###.#
#.........<#
....#######..g.......#
####
#..........g.S..@....#
###..#
##.########..b.......#
##....# #.#
#.$........######..##.#
##.#
#..........#......###.#
...#
#..........#.######.).#
##.# #............#
####.### #..###
######.####.## #....#
#....# #.# ##.# ##....#
#....##
#.###..###.....#


You could see 2 gnolls, an adder and a friendly bat (summoned).

Vanquished Creatures
  A ball python (D:1)
  2 hobgoblins
  A jackal (D:1)
  3 kobolds
  A quokka (D:1)
8 creatures vanquished.

Vanquished Creatures (collateral kills)
  An adder (D:2)
  A ball python (D:1)
  A bat (D:1)
  3 endoplasms
  3 goblins (D:1)
  A hobgoblin (D:1)
  3 jackals (D:1)
  A quokka (D:1)
  A rat (D:1)
15 creatures vanquished.

Vanquished Creatures (others)
  4 plants (D:2)
4 creatures vanquished.

Grand Total: 27 creatures vanquished

Notes
Turn   | Place    | Note
-------+----------+-------------------------------------------
     0 | D:1      | Bruhh the Tengu Summoner began the quest for the Orb.
     0 | D:1      | Reached XP level 1. HP: 10/10 MP: 4/4
   307 | D:1      | Reached skill level 5 in Summonings
   346 | D:1      | Reached XP level 2. HP: 9/15 MP: 1/6
  1308 | D:1      | Reached XP level 3. HP: 18/19 MP: 6/8
  1399 | D:2      | Found Qeruiz's Assorted Antiques.
  1451 | D:2      | Found Cinwakhle's General Store.
  1544 | D:2      | Found Vusisu's Distillery.
  1586 | D:2      | Quit the game

Illustrated notes

Levels and vault maps discovered:
D:1:      nicolae_arrival_memento_mori, layout_loops_ring
D:2:      layout_rooms, serial_shops, shop, shop,
          nicolae_shop_temple_entry_statues_fountains,
          nicolae_shop_overgrown_old_shop, minmay_goblin_kobold_house,
          uniq_robin, uniq_jessica

Skill      XL: |  1  2 |
---------------+-------+-----
Summonings     | 5 |  5.0
Spellcasting   | 3 |  3.3
Dodging        | |  2.1
Stealth        | |  2.0

Action                   || total
-------------------------++-------
Melee: Unarmed           ||     8
       Dagger            ||    20
       Kick              ||     7
       Peck              ||     3
 Cast: Summon Small Mamm ||    35
 Stab: Sleeping          ||     1
Armor: Robe              ||     8
Dodge: Dodged            ||    35

Table legend: (Time is in decaauts)
 A = Elapsed time spent in this place.
 B = Non-inter-level travel time spent in this place.
 C = Inter-level travel time spent in this place.
 D = Time resting spent in this place.
 E = Time spent auto-exploring this place.
 F = Levels seen in this place.
 G = Mean time per level.
                   A        B        C        D        E       F      G
               +--------+--------+--------+--------+--------+-----+--------+
         Total |   1585 |   1564 |     21 |      0 |   1312 |   2 |  792.5 |
       Dungeon |   1585 |   1564 |     21 |      0 |   1312 |   2 |  792.5 |
               +--------+--------+--------+--------+--------+-----+--------+

Top non-repeatable levels by time:
     D:1: 1359 daAuts
     D:2: 225 daAuts
